 Dungeon Crawl Stone Soup version 0.31-a0-229-g1fc7ce93e2 (webtiles) character file.

Game seed: 12928442426030284865

97 Hubris850 the Ducker (level 5, -1/38 HPs)
             Began as a Djinni Gladiator on July 6, 2023.
             Slain by an orc
             ... wielding a +0 club
              (3 damage)
             ... on level 4 of the Dungeon.
             The game lasted 00:04:45 (2471 turns).

Hubris850 the Ducker (Djinni Gladiator)             Turns: 2471, Time: 00:04:47

Health: -1/38      AC:  5    Str: 13    XL:     5   Next: 0%
Gold:   144        EV: 11    Int: 11    God:
                   SH:  0    Dex: 15

rFire   + + .        a - +0 long sword
rCold   x . .        (no shield)
rNeg    . . .        h - +0 ring mail
rPois   ∞            c - melded +0 helmet
rElec   .            (no cloak)
rCorr   +            (no gloves)
SInv    .            (boots unavailable)
Will    .....        (no amulet)
Stlth   +            s - ring of resist corrosion
HPRegen 0.26/turn    (no ring)
MPRegen 0.00/turn

%: infuse magic (-2 HP)
@: appendages (expiring), flying
A: horns 2, flying, sickness immunity, fire resistance 2, cold vulnerability 1,
float, innate caster, HP casting, extra vitality 1
a: End Transformation


You were on level 4 of the Dungeon.
You had temporarily grown beastly horns.
You visited 1 branch of the dungeon, and saw 4 of its levels.

You collected 144 gold pieces.

Inventory:

Hand Weapons
 a - a +0 long sword (weapon)
Missiles
 d - 3 throwing nets
 e - a javelin
Armour
 b - a +0 leather armour
 c - a +0 helmet (melded)
 h - a +0 ring mail (worn)
Jewellery
 s - a ring of resist corrosion (left hand)
Scrolls
 f - a scroll of vulnerability {unknown}
 g - 2 scrolls of fog {unknown}
 i - a scroll of revelation {unknown}
 j - a scroll of enchant armour {unknown}
 l - 3 scrolls of teleportation {unknown}
 m - a scroll of butterflies {unknown}
 r - a scroll of immolation {unknown}
Potions
 k - 2 potions of curing {unknown}
 n - a potion of haste {unknown}
 o - a potion of berserk rage {unknown}
 p - 2 potions of mutation {unknown}
 q - a potion of degeneration {unknown}


   Skills:
 - Level 2.0 Fighting
 - Level 2.6 Long Blades
 - Level 1.5 Throwing
 - Level 3.2 Dodging
 + Level 3.0 Spellcasting
 + Level 3.0 Conjurations
 + Level 3.0 Hexes
   Level 0.0 Charms
 + Level 3.0 Summonings
 + Level 3.0 Necromancy
 + Level 3.0 Translocations
 + Level 3.0 Transmutations
 + Level 3.0 Fire Magic
 + Level 3.0 Ice Magic
 + Level 3.0 Air Magic
 + Level 3.0 Earth Magic
 + Level 3.0 Poison Magic


You knew the following spells:

 Your Spells              Type           Power      Damage    Failure   Level
a - Beastly Appendage     Tmut           16%        N/A       17%         1
b - Momentum Strike       Conj/Tloc      16%        3d8       26%         2
Your spell library was empty.

Dungeon Overview and Level Annotations

Branches:
Dungeon (4/15)
 Temple: D:4-7

Altars:

Shops:
D:3 (


Innate Abilities, Weirdness & Mutations

You have temporarily grown beastly horns.
You are flying.
You are immune to sickness and miasma.
You are immune to poison.
Your flesh is very heat resistant. (rF++)
You are vulnerable to cold. (rC-)
You float through the air rather than walking.
You learn spells naturally, not from books.
Your magical power is your life essence.
You have superior vitality. (+4 MHP)


Message History

The orc priest calls down the wrath of Beogh upon you.
Beogh smites you!
The orc priest looks encouraged for a moment.
The orc barely misses you. x2; The orc closely misses you.
You have reached level 5!
The power to cast Momentum Strike wells up from within.
Spell assigned to 'b'.
Casting: Beastly Appendage (safe; 17% risk of failure)
Confirm with . or Enter, or press ? or * to list all spells.
You grow a pair of large bovine horns.
Your +0 helmet melds into your body.
The orc hits you with a +0 hand axe. The orc closely misses you.
You barely miss the orc. The orc priest closely misses you.
The orc hits you with a +0 hand axe. The orc barely misses you.
You closely miss the orc priest. Your headbutt misses the orc priest.
The orc priest closely misses you. The orc barely misses you.
The orc closely misses you.
You hit the orc priest.
The orc priest is lightly wounded.
The orc priest looks braver for a moment.
The orc barely misses you.
You barely miss the orc priest. You headbutt the orc priest.
The orc priest is moderately wounded.
The orc priest mumbles some strange prayers to Beogh against you.
Pain shoots through your body!
* * * LOW HITPOINT WARNING * * *
The orc completely misses you. The orc hits you but does no damage.
You barely miss the orc priest.
The orc priest is moderately wounded.
Your transformation is almost over.
The orc priest barely misses you. x2; The orc closely misses you.
The orc hits you but does no damage. The orc barely misses you.
The orc priest barely misses you. x2; The orc barely misses you.
You hit the orc priest but do no damage.
The orc priest is moderately wounded.
The orc priest completely misses you. The orc hits you with a +0 hand axe.
* * * LOW HITPOINT WARNING * * *
The orc priest hits you with a +0 whip.
* * * LOW HITPOINT WARNING * * *
The orc hits you with a +0 club.
You die...

.# .#
####.#####
#........
#......#
#......#
#..oo..#
#..@o..#
#..o...#
#####.######
#..[..#
#.##### #.#
####.#
##....#
######..####
#########


You could see 2 orc priests and 2 orcs.

Vanquished Creatures
  4 adders (D:2)
  2 worms (D:2)
  A dart slug (D:2)
  An orc (D:4)
  8 endoplasms
  2 giant cockroaches (D:2)
  A goblin (D:1)
  5 hobgoblins
  2 jackals (D:1)
  5 quokkas
  2 ball pythons
  7 bats
  3 frilled lizards
  2 kobolds
  6 rats
51 creatures vanquished.

Notes
Turn   | Place    | Note
-------+----------+-------------------------------------------
     0 | D:1      | Hubris850 the Djinni Gladiator began the quest for the Orb.
     0 | D:1      | Reached XP level 1. HP: 18/18 MP: 0/0
   170 | D:1      | Reached skill level 1 in Spellcasting
   170 | D:1      | Reached skill level 1 in Conjurations
   170 | D:1      | Reached skill level 1 in Hexes
   170 | D:1      | Reached skill level 1 in Summonings
   170 | D:1      | Reached skill level 1 in Necromancy
   170 | D:1      | Reached skill level 1 in Translocations
   170 | D:1      | Reached skill level 1 in Transmutations
   170 | D:1      | Reached skill level 1 in Fire Magic
   170 | D:1      | Reached skill level 1 in Ice Magic
   170 | D:1      | Reached skill level 1 in Air Magic
   170 | D:1      | Reached skill level 1 in Earth Magic
   170 | D:1      | Reached skill level 1 in Poison Magic
   170 | D:1      | Reached XP level 2. HP: 23/23 MP: 0/0
   699 | D:2      | Reached XP level 3. HP: 17/28 MP: 0/0
   699 | D:2      | Learned a level 1 spell: Beastly Appendage
  1036 | D:2      | Reached XP level 4. HP: 24/33 MP: 0/0
  1896 | D:3      | Found Esixuoro's Weapon Shoppe.
  2465 | D:4      | Reached XP level 5. HP: 23/38 MP: 0/0
  2465 | D:4      | Learned a level 2 spell: Momentum Strike
  2471 | D:4      | Slain by an orc

Illustrated notes

Levels and vault maps discovered:
D:1:      matt_arrival_refuge, layout_basic
D:2:      minmay_spotlight, layout_loops_corners
D:3:      layout_rooms, nicolae_overflow_hidden_temple, serial_shops,
          nicolae_shop_trees
D:4:      layout_basic, zin_academy, mainiacjoe_overflow_tiny_flanked,
          minmay_quadrilaterals

Skill      XL: |  1  2  3  4 |
---------------+-------------+-----
Spellcasting   | 1 2 3 |  3.0
Conjurations   | 1 2 3 |  3.0
Hexes          | 1 2 3 |  3.0
Summonings     | 1 2 3 |  3.0
Necromancy     | 1 2 3 |  3.0
Translocations | 1 2 3 |  3.0
Transmutations | 1 2 3 |  3.0
Fire Magic     | 1 2 3 |  3.0
Ice Magic      | 1 2 3 |  3.0
Air Magic      | 1 2 3 |  3.0
Earth Magic    | 1 2 3 |  3.0
Poison Magic   | 1 2 3 |  3.0
Fighting       | |  2.0
Long Blades    | |  2.6
Throwing       | |  1.5
Dodging        | |  3.2

Action                     |  1- 3 |  4- 6 || total
---------------------------+-------+-------++-------
  Melee: Long sword        |    81 |    88 ||   169
         Headbutt          |     2 |     6 ||     8
         Punch             |     1 |       ||     1
   Cast: Beastly Appendage |     2 |     6 ||     8
 Armour: Ring mail         |    41 |    38 ||    79
         Leather armour    |     1 |       ||     1
  Dodge: Dodged            |    55 |    64 ||   119

Table legend: (Time is in decaauts)
 A = Elapsed time spent in this place.
 B = Non-inter-level travel time spent in this place.
 C = Inter-level travel time spent in this place.
 D = Time resting spent in this place.
 E = Time spent auto-exploring this place.
 F = Levels seen in this place.
 G = Mean time per level.
                   A        B        C        D        E       F      G
               +--------+--------+--------+--------+--------+-----+--------+
         Total |   2514 |   2460 |     54 |      0 |   2080 |   4 |  628.5 |
       Dungeon |   2514 |   2460 |     54 |      0 |   2080 |   4 |  628.5 |
               +--------+--------+--------+--------+--------+-----+--------+

Top non-repeatable levels by time:
     D:2: 1192 daAuts
     D:1: 698 daAuts
     D:3: 539 daAuts
     D:4: 83 daAuts
